 Dungeon Crawl Stone Soup version 0.31.0-32-g396128a36d (webtiles) character file.

Game seed: 8560085736829102299

343 cdecastro the Chiller (level 6, 0/41 HPs)
             Began as a Human Ice Elementalist on Mar 14, 2024.
             Was a Follower of Sif Muna.
             Splashed by a jelly's acid (10 damage)
             ... on level 5 of the Dungeon.
             The game lasted 00:07:57 (3067 turns).

cdecastro the Chiller (Human Ice Elementalist)      Turns: 3067, Time: 00:07:58

Health: 0/41       AC:  3    Str:  8    XL:     6   Next: 57%
Magic:  5/9        EV: 12    Int: 18    God:    Sif Muna [*.....]
Gold:   132        SH:  0    Dex: 13    Spells: 2/9 levels left

rFire   . . .        b - +2 dagger (freeze)
rCold   . . .        (no shield)
rNeg    . . .        a - +0 robe
rPois   .            (no helmet)
rElec   .            k - +0 cloak
rCorr   .            (no gloves)
SInv    .            (no boots)
Will    .....        (no amulet)
Stlth   ++           (no ring)
HPRegen 0.26/turn    (no ring)
MPRegen 0.11/turn

%: no passive effects
@: very slightly contaminated
A: explore regen
a: Renounce Religion, Channel Magic


You were on level 5 of the Dungeon.
You worshipped Sif Muna.
Sif Muna was aware of your devotion.
You visited 1 branch of the dungeon, and saw 5 of its levels.

You collected 132 gold pieces.

Inventory:

Hand Weapons
 b - a +2 dagger of freezing (weapon)
 c - a +0 dagger
 h - a +0 spear
Armour
 a - a +0 robe (worn)
 k - a +0 cloak (worn)
 o - a +0 ring mail
Magical Staves
 g - a staff of death
Wands
 p - a wand of flame (17)
Scrolls
 d - 5 scrolls of identify {unknown}
 e - 2 scrolls of enchant armour {unknown}
 i - a scroll of enchant weapon {unknown}
 j - a scroll of teleportation {unknown}
 l - a scroll of amnesia {unknown}
 n - 2 scrolls of noise {unknown}
 r - a scroll of immolation {unknown}
 s - a scroll of brand weapon {unknown}
Potions
 f - a potion of might {unknown}
 m - a potion of heal wounds {unknown}
 q - a potion of haste {unknown}


   Skills:
 - Level 2.0 Dodging
 - Level 2.0 Stealth
 - Level 2.0 Spellcasting
 + Level 7.7 Ice Magic


You had 2 spell levels left.
You knew the following spells:

 Your Spells              Type           Power      Damage    Failure   Level
a - Freeze                Ice            100%       1d10      1%          1
b - Frozen Ramparts       Ice            58%        1d9       2%          3
c - Ozocubu's Armour      Ice            29%        N/A       2%          3

Your spell library contained the following spells:

 Spells                   Type           Power      Damage    Failure   Level
 Cigotuvi's Dreadful Rot  Necr/Alch/Air  2%         N/A       26%         2
 Static Discharge         Conj/Air       2%         3-4/arc   26%         2
 Summon Ice Beast         Ice/Summ       15%        N/A       11%         3
 Airstrike                Air            0%         2d(1-17)  87%         4
 Dispel Undead            Necr           1%         3d6       87%         4
 Martyr's Knell           Necr/Summ      1%         N/A       87%         4
 Summon Lightning Spire   Summ/Air       1%         N/A       87%         4
 Death Channel            Necr           0%         N/A       100%        6


Dungeon Overview and Level Annotations

Branches:
Dungeon (5/15)             Temple (0/1) D:4

Altars:
Sif Muna
Wu Jian

Annotations:
D:2 Sigmund
D:4 1 runed translucent door, Edmund; Menkaure; TheCrowQ's ghost, amateur GnSh


Innate Abilities, Weirdness & Mutations

You regain HP and MP as you explore.


Message History

Casting: Freeze (safe; 1% risk of failure)
Confirm with . or Enter, or press ? or * to list all spells.
Aiming: Freeze (safe; 1% risk of failure)
Press: ? - help, Shift-Dir - straight line, f - jelly
Aim: a jelly You freeze the jelly.
The jelly is lightly wounded.
The jelly hits you.
You are splashed with acid!
Unknown command.
Casting: Freeze (safe; 1% risk of failure)
Confirm with . or Enter, or press ? or * to list all spells.
Aiming: Freeze (safe; 1% risk of failure)
Press: ? - help, Shift-Dir - straight line, f/p - jelly
Aim: a jelly (lightly wounded)
You freeze the jelly.
The jelly is moderately wounded.
The jelly hits you.
You are splashed with acid!
* * * LOW HITPOINT WARNING * * *
Casting: Freeze (safe; 1% risk of failure)
Confirm with . or Enter, or press ? or * to list all spells.
Aiming: Freeze (safe; 1% risk of failure)
Press: ? - help, Shift-Dir - straight line, f/p - jelly
Aim: a jelly (moderately wounded)
You freeze the jelly!
The jelly is severely wounded.
The jelly hits you.
* * * LOW HITPOINT WARNING * * *
You are splashed with acid!
* * * LOW HITPOINT WARNING * * *
Casting: Freeze (safe; 1% risk of failure)
Confirm with . or Enter, or press ? or * to list all spells.
Aiming: Freeze (safe; 1% risk of failure)
Press: ? - help, Shift-Dir - straight line, f/p - jelly
Aim: a jelly (severely wounded)
You miscast Freeze.
You are very lightly contaminated with residual magic.
Nothing appears to happen.
The jelly hits you.
* * * LOW HITPOINT WARNING * * *
You are splashed with acid!
You die...

.. #.. #.#
#.# . ....
..# # ..
..... ..#.#
...
#....##.#.
... .........
..
........#.#
......J@..#
........##..#
......... ...
#########. .
.# #


You could see a jelly.

Vanquished Creatures
  Duvessa (D:4)
  Dowan (D:4)
  A hound (D:3)
  Ijyb (D:3)
  An orc wizard (D:3)
  A hound skeleton (D:3)
  3 adders
  3 adder zombies (D:3)
  A dart slug (D:4)
  A ribbon worm (D:2)
  4 orcs
  4 bats
  5 endoplasms
  2 giant cockroaches
  9 goblins
  4 hobgoblins
  5 kobolds
  2 quokkas
  4 ball pythons
  A ball python skeleton (D:3)
  A frilled lizard (D:1)
  4 rats
59 creatures vanquished.

Notes
Turn   | Place    | Note
-------+----------+-------------------------------------------
     0 | D:1      | cdecastro the Human Ice Elementalist began the quest for
                  | the Orb.
     0 | D:1      | Reached XP level 1. HP: 13/13 MP: 3/3
   257 | D:1      | Reached XP level 2. HP: 15/19 MP: 3/5
   894 | D:2      | Noticed Sigmund
  1019 | D:3      | Reached XP level 3. HP: 17/24 MP: 6/6
  1058 | D:3      | Reached skill level 5 in Ice Magic
  1146 | D:3      | Reached XP level 4. HP: 18/30 MP: 2/7
  1221 | D:3      | Noticed Ijyb
  1471 | D:3      | Found an ornate altar of the Wu Jian Council.
  1484 | D:3      | Reached skill level 6 in Ice Magic
  1496 | D:3      | Found a shimmering blue altar of Sif Muna.
  1529 | D:3      | Became a worshipper of Sif Muna the Loreminder
  1628 | D:3      | Reached XP level 5. HP: 35/35 MP: 6/8
  1755 | D:3      | Killed Ijyb
  1936 | D:3      | Learned a level 3 spell: Frozen Ramparts
  1940 | D:3      | Learned a level 3 spell: Ozocubu's Armour
  1955 | D:4      | Found a runed translucent door.
  1955 | D:4      | Noticed TheCrowQ's ghost (amateur GnSh)
  2055 | D:4      | Noticed Edmund
  2071 | D:4      | Noticed Menkaure
  2129 | D:4      | Noticed Dowan
  2130 | D:4      | Noticed Duvessa
  2380 | D:4      | Killed Duvessa
  2381 | D:4      | Reached skill level 7 in Ice Magic
  2381 | D:4      | Reached XP level 6. HP: 17/41 MP: 7/9
  2558 | D:4      | Killed Dowan
  2803 | D:4      | Reached * piety under Sif Muna
  2832 | D:4      | Found a staircase to the Ecumenical Temple.
  3060 | D:5      | Entered Level 5 of the Dungeon
  3067 | D:5      | Splashed by a jelly's acid

Illustrated notes

Levels and vault maps discovered:
D:1:      beargit_arrival_greenhouse, layout_basic
D:2:      layout_basic, basic_altar, uniq_sigmund
D:3:      layout_rooms, minitemple, serial_undead, serial_undead_b,
          serial_undead_d, serial_undead_d, serial_undead_c, uniq_ijyb
D:4:      layout_basic, minmay_temple_entry_arrows,
          hellmonk_ghost_happy_afterlife, uniq_robin, uniq_duvessa, uniq_edmund,
          uniq_menkaure
D:5:      kennysheep_steamy, layout_basic, serial_shops, shop,
          nicolae_grassy_gnolls, uniq_prince_ribbit1, uniq_pikel

Skill      XL: |  1  2  3  4  5 |
---------------+----------------+-----
Ice Magic      | 5 6 7 |  7.7
Dodging        | |  2.0
Stealth        | |  2.0
Spellcasting   | |  2.0

Action                     |  1- 3 |  4- 6 || total
---------------------------+-------+-------++-------
  Melee: Spear             |    48 |    51 ||    99
         Dagger            |     6 |       ||     6
         Punch             |     1 |       ||     1
   Cast: Freeze            |    26 |    50 ||    76
         Frozen Ramparts   |       |     6 ||     6
         Ozocubu's Armour  |       |     3 ||     3
    Use: Potion            |       |     1 ||     1
   Stab: Sleeping          |     3 |       ||     3
         Distracted        |     1 |       ||     1
 Armour: Robe              |    36 |    84 ||   120
  Dodge: Dodged            |    37 |    66 ||   103
